 Dungeon Crawl Stone Soup version 0.24-a0-292-g5c6fb1cd70 (webtiles) character file.

Game seed: 11412231003844475632

4 HAL9000 the Sneak (level 1, -5/9 HPs)
             Began as a Vine Stalker Enchanter on May 11, 2019.
             Slain by a kobold
             ... wielding a +0 short sword
              (6 damage)
             ... on level 1 of the Dungeon.
             The game lasted 00:00:12 (197 turns).

HAL9000 the Sneak (Vine Stalker Enchanter)           Turns: 197, Time: 00:00:13

Health: -5/9       AC:  2    Str: 10    XL:     1   Next: 60%
Magic:  0/4        EV: 12    Int: 15    God:
Gold:   0          SH:  0    Dex: 14    Spells: 3/4 levels left

rFire    . . .     SeeInvis .   a - +1 dagger
rCold    . . .     Gourm    .   (no shield)
rNeg     . . .     Faith    .   b - +0 robe
rPois    .         Spirit   +   (no helmet)
rElec    .         Reflect  .   (no cloak)
rCorr    .         Harm     .   (no gloves)
MR       .....                  (no boots)
Stlth    ++........             (no amulet)
HPRegen  0.03/turn              (no ring)
MPRegen  0.09/turn              (no ring)

@: no status effects
A: fangs 2, magic shield, antimagic bite, no potion heal 3, rot immunity
a: no special abilities


You were on level 1 of the Dungeon.
You were not hungry.

You visited 1 branch of the dungeon, and saw 1 of its levels.

Inventory:

Hand Weapons
 a - a +1 dagger (weapon)
Armour
 b - a +0 robe (worn)
Scrolls
 c - a scroll of enchant armour {unknown}
 e - a scroll of enchant weapon {unknown}
 g - a scroll of teleportation {unknown}
Potions
 f - a potion of heal wounds {unknown}
Comestibles
 d - 3 rations


   Skills:
 + Level 0.8 Short Blades
 - Level 1.5 Dodging
 - Level 3.6 Stealth
 - Level 2.1 Spellcasting
 + Level 3.3 Hexes


You had 3 spell levels left.
You knew the following spells:

 Your Spells              Type           Power        Failure   Level  Hunger
a - Corona                Hex            ##.....      5%          1    #......

Your spell library contained the following spells:

 Spells                   Type           Power        Failure   Level  Hunger
 Ensorcelled Hibernation  Hex/Ice        #.....       17%         2    ###....
 Confuse                  Hex            ##......     17%         3    ###....
 Tukima's Dance           Hex            ##......     17%         3    ###....
 Dazzling Spray           Conj/Hex       #.....       32%         3    ###....


Dungeon Overview and Level Annotations

Branches:
Dungeon (1/15)

Altars:


Innate Abilities, Weirdness & Mutations

You have extremely sharp teeth.
When hurt, damage is shared between your health and your magic reserves.
Your bite disrupts and absorbs the magic of your enemies.
Potions cannot restore your health.
You are immune to rotting.


Message History

The kobold hits you with a +0 short sword.
* * * LOW HITPOINT WARNING * * *
The kobold barely misses you.
Found an inky potion.
Unknown command.
You hit the kobold but do no damage.
The kobold hits you with a +0 short sword.
You barely miss the kobold. Your bite misses the kobold.
The kobold barely misses you.
Unknown command.
You hit the kobold but do no damage. Your bite misses the kobold.
The kobold barely misses you.
You hit the kobold. Your bite misses the kobold.
The kobold is moderately wounded.
The kobold hits you but does no damage.
You hit the kobold but do no damage.
The kobold is moderately wounded.
The kobold hits you with a +0 short sword.
Ouch! That really hurt!
You die...

#...#.###.##########.####
##.##.>..................
#.##....##############..
#.####......... ... #^#
#......... ... #.........
...###.######## ...#..K.#
.r...#.@# #...###....#
#.. !...#.# #. #.####.# #
#. # . .# #.


You could see a kobold.

Vanquished Creatures
  A dart slug (D:1)
  A goblin (D:1)
2 creatures vanquished.

Notes
Turn   | Place    | Note
-------+----------+-------------------------------------------
     0 | D:1      | HAL9000 the Vine Stalker Enchanter began the quest for the
                  | Orb.
     0 | D:1      | Reached XP level 1. HP: 9/9 MP: 4/4
   197 | D:1      | Slain by a kobold

Levels and vault maps discovered:
D:1:      dpeg_cavernosity, layout_basic

Action                   || total
-------------------------++-------
Melee: Dagger            ||    12
       Bite              ||     1
 Cast: Corona            ||     3
Armor: Robe              ||     1
Dodge: Dodged            ||     9

Table legend:
 A = Non-vault XP
 B = Vault XP
 C = Vault XP percentage of total XP
 D = Non-vault monster count
 E = Vault monster count
 F = Vault count percentage of total count
                 A         B        C        D         E       F
            +---------+---------+-------+---------+---------+-------
      Total |       6 |       0 |   0.0 |       2 |       0 |   0.0
            +---------+---------+-------+---------+---------+-------
        D:1 |       6 |       0 |   0.0 |       2 |       0 |   0.0
            +---------+---------+-------+---------+---------+-------
